 Dungeon Crawl Stone Soup version 0.27.1 (webtiles) character file.

Game seed: 440357123778511010

95 Malachi the Thaumaturge (level 4, -2/38 HPs)
             Began as a Gnoll Wanderer on Aug 20, 2021.
             Slain by an orc priest (4 damage)
             ... on level 3 of the Dungeon.
             The game lasted 00:05:39 (2785 turns).

Malachi the Thaumaturge (Gnoll Wanderer)            Turns: 2785, Time: 00:05:40

Health: -2/38      AC:  5    Str: 12    XL:     4   Next: 66%
Magic:  9/15       EV: 11    Int: 12    God:
Gold:   122        SH:  0    Dex: 11    Spells: 17/21 levels left

rFire    + . .     SeeInvis .   a - +2 spear
rCold    + . .     Faith    .   (no shield)
rNeg     . . .     Spirit   .   h - +0 leather armour
rPois    +         Reflect  .   j - +0 helmet
rElec    +         Harm     .   (no cloak)
rCorr    +         Rampage  .   g - +0 pair of gloves
Will     .....                  (no boots)
Stlth    +.........             (no amulet)
HPRegen  0.12/turn              f - ring of wizardry
MPRegen  0.14/turn              (no ring)

@: resistant, attractive, hasted, very quick
A: fangs 1, strong nose, distributed training
a: no special abilities


You were on level 3 of the Dungeon.
You visited 1 branch of the dungeon, and saw 3 of its levels.

You collected 122 gold pieces.

Inventory:

Hand Weapons
 a - a +2 spear (weapon)
 c - a +0 dagger
 d - a +1 short sword of protection
Missiles
 b - 46 poisoned darts (quivered)
Armour
 g - a +0 pair of gloves (worn)
 h - a +0 leather armour (worn)
 j - a +0 helmet (worn)
Jewellery
 f - a ring of wizardry (left hand)
 q - a ring of positive energy
Scrolls
 i - 2 scrolls of identify {unknown}
 n - a scroll of teleportation {unknown}
 o - a scroll of torment {unknown}
 p - a scroll of amnesia {unknown}
Potions
 l - a potion of attraction
 m - a potion of heal wounds {unknown}


   Skills:
 + Level 4.6 Fighting
 + Level 1.2 Short Blades
 + Level 1.2 Long Blades
 + Level 1.2 Axes
 + Level 1.2 Maces & Flails
 + Level 1.2 Polearms
 + Level 1.2 Staves
 + Level 1.2 Slings
 + Level 1.2 Bows
 + Level 1.2 Crossbows
 + Level 2.8 Throwing
 + Level 2.8 Armour
 + Level 1.2 Dodging
 + Level 1.2 Stealth
 + Level 2.8 Shields
 + Level 1.2 Unarmed Combat
 + Level 9.3 Spellcasting
 + Level 1.0 Conjurations
 + Level 1.0 Hexes
 + Level 1.0 Summonings
 + Level 1.0 Necromancy
 + Level 1.0 Translocations
 + Level 1.0 Transmutations
 + Level 2.2 Fire Magic
 + Level 1.0 Ice Magic
 + Level 1.0 Air Magic
 + Level 1.0 Earth Magic
 + Level 1.0 Poison Magic
 + Level 1.3 Invocations
 + Level 1.2 Evocations


You had 17 spell levels left.
You knew the following spells:

 Your Spells              Type           Power      Damage    Failure   Level
a - Freeze                Ice            32%        1d5       4%          1
b - Ozocubu's Armour      Ice            8%         N/A       13%         3

Your spell library contained the following spells:

 Spells                   Type           Power      Damage    Failure   Level


Dungeon Overview and Level Annotations

Branches:
Dungeon (3/15)

Altars:


Innate Abilities, Weirdness & Mutations

You have very sharp teeth.
Your uncanny sense of smell can sniff out nearby items.
Your experience applies equally to all skills.


Message History

The orc priest mumbles some strange prayers to Beogh against you.
Beogh smites you!
* * * LOW HITPOINT WARNING * * *
Unknown command.
Casting: Freeze (safe; 4% risk of failure)
Confirm with . or Enter, or press ? or * to list all spells.
Aiming: Freeze (safe; 4% risk of failure)
Press: ? - help, Shift-Dir - straight line, f - orc priest
Aim: an orc priest, wielding a +0 club (severely wounded)
You freeze the orc priest.
The orc priest is almost dead.
An orc comes into view. It is wielding a +0 short sword.
The orc priest complains noisily.
The orc priest hits you but does no damage.
Unknown command.
Casting: Freeze (safe; 4% risk of failure)
Confirm with . or Enter, or press ? or * to list all spells.
Aiming: Freeze (safe; 4% risk of failure)
Press: ? - help, Shift-Dir - straight line, f/p - orc priest
Aim: an orc priest, wielding a +0 club (almost dead)
You freeze the orc priest.
You kill the orc priest!
Your Conjurations skill increases to level 1!
Your Hexes skill increases to level 1!
Your Summonings skill increases to level 1!
Your Necromancy skill increases to level 1!
Your Translocations skill increases to level 1!
Your Transmutations skill increases to level 1!
Your Ice Magic skill increases to level 1!
Your Air Magic skill increases to level 1!
Your Earth Magic skill increases to level 1!
Your Poison Magic skill increases to level 1!
It was a potion of haste.
You feel yourself speed up.
An orc comes into view. It is wielding a +0 dagger.
It was a potion of resistance.
You feel protected.
It was a potion of attraction.
You feel attractive to monsters.
The orc priest hits you with a +0 short sword.
You die...

.. #. .# o. #. #o
#o## ######## #.@#
#<...... ##.#
##.##....... #.#
#........... #.#
.##.#......###
#.##.# ###.#...##
#..#.# #.#...).
##.#.# .# #.....#.
####.#.# .##........
#......##.#.........


You could see an orc priest and 2 orcs.

Vanquished Creatures
  An orc priest (D:3)
  An adder (D:2)
  3 orcs (D:3)
  7 ball pythons
  3 bats
  2 endoplasms
  2 giant cockroaches
  5 goblins
  A hobgoblin (D:3)
  7 jackals
  6 kobolds
  3 quokkas
  5 frilled lizards
  3 rats
49 creatures vanquished.

Notes
Turn   | Place    | Note
-------+----------+-------------------------------------------
     0 | D:1      | Reached skill level 9 in Spellcasting
     0 | D:1      | Malachi the Gnoll Wanderer began the quest for the Orb.
     0 | D:1      | Malachi set off with the following items: a +2 spear, 9
                  | poisoned darts, a +0 dagger, a +0 robe; and the following
                  | spell memorised: Freeze; and the following spells available
                  | to memorise: Ozocubu's Armour
     0 | D:1      | Reached XP level 1. HP: 20/20 MP: 10/10
   229 | D:1      | Reached XP level 2. HP: 15/26 MP: 6/12
  1469 | D:2      | Reached XP level 3. HP: 30/31 MP: 13/13
  1846 | D:2      | Found a faded altar of an unknown god.
  1952 | D:2      | Reached skill level 1 in Invocations
  2374 | D:3      | Reached skill level 1 in Short Blades
  2374 | D:3      | Reached skill level 1 in Long Blades
  2374 | D:3      | Reached skill level 1 in Axes
  2374 | D:3      | Reached skill level 1 in Maces & Flails
  2374 | D:3      | Reached skill level 1 in Polearms
  2374 | D:3      | Reached skill level 1 in Staves
  2374 | D:3      | Reached skill level 1 in Slings
  2374 | D:3      | Reached skill level 1 in Bows
  2374 | D:3      | Reached skill level 1 in Crossbows
  2374 | D:3      | Reached skill level 1 in Dodging
  2374 | D:3      | Reached skill level 1 in Stealth
  2374 | D:3      | Reached skill level 1 in Unarmed Combat
  2374 | D:3      | Reached skill level 1 in Evocations
  2574 | D:3      | Learned a level 3 spell: Ozocubu's Armour
  2620 | D:3      | Reached XP level 4. HP: 38/38 MP: 15/15
  2780 | D:3      | HP: 1/38 [orc priest/divine providence (13)]
  2783 | D:3      | Reached skill level 1 in Conjurations
  2783 | D:3      | Reached skill level 1 in Hexes
  2783 | D:3      | Reached skill level 1 in Summonings
  2783 | D:3      | Reached skill level 1 in Necromancy
  2783 | D:3      | Reached skill level 1 in Translocations
  2783 | D:3      | Reached skill level 1 in Transmutations
  2783 | D:3      | Reached skill level 1 in Ice Magic
  2783 | D:3      | Reached skill level 1 in Air Magic
  2783 | D:3      | Reached skill level 1 in Earth Magic
  2783 | D:3      | Reached skill level 1 in Poison Magic
  2785 | D:3      | Slain by an orc priest

Illustrated notes

Levels and vault maps discovered:
D:1:      dpeg_arrival_ternary, layout_loops_cross, minmay_octomino_c4
D:2:      layout_basic, ebering_ecumenical_altar_abandoned
D:3:      layout_rooms, uniq_terence

Skill      XL: |  1  2  3  4 |
---------------+-------------+-----
Spellcasting   | |  9.3
Fire Magic     | 2 |  2.2
Invocations    | 1 |  1.3
Short Blades   | 1 |  1.2
Long Blades    | 1 |  1.2
Axes           | 1 |  1.2
Maces & Flails | 1 |  1.2
Polearms       | 1 |  1.2
Staves         | 1 |  1.2
Slings         | 1 |  1.2
Bows           | 1 |  1.2
Crossbows      | 1 |  1.2
Dodging        | 1 |  1.2
Stealth        | 1 |  1.2
Unarmed Combat | 1 |  1.2
Evocations     | 1 |  1.2
Conjurations   | 1 |  1.0
Hexes          | 1 |  1.0
Summonings     | 1 |  1.0
Necromancy     | 1 |  1.0
Translocations | 1 |  1.0
Transmutations | 1 |  1.0
Ice Magic      | 1 |  1.0
Air Magic      | 1 |  1.0
Earth Magic    | 1 |  1.0
Poison Magic   | 1 |  1.0
Fighting       | |  4.6
Throwing       | |  2.8
Armour         | |  2.8
Shields        | |  2.8

Action                   |  1- 3 |  4- 6 || total
-------------------------+-------+-------++-------
Melee: Spear             |    65 |     4 ||    69
       Bite              |     2 |       ||     2
 Cast: Freeze            |    52 |    13 ||    65
  Use: Potion            |       |     3 ||     3
 Stab: Sleeping          |     1 |       ||     1
Armor: Robe              |    13 |       ||    13
       Leather armour    |    12 |     3 ||    15
Dodge: Dodged            |    55 |     4 ||    59
